 Dungeon Crawl Stone Soup version 0.21.1-1-g345015f (webtiles) character file.

563753 poirepourri the Executioner (level 25, -16/196 HPs)
             Began as a Minotaur Fighter on July 10, 2018.
             Was a High Priest of Makhleb.
             Killed from afar by a storm dragon (39 damage)
             ... with a bolt of lightning
             ... on level 5 of the Realm of Zot.
             The game lasted 01:47:57 (60965 turns).

poirepourri the Executioner (Minotaur Fighter)     Turns: 60965, Time: 01:47:58

Health: -16/196    AC: 31    Str: 27    XL:     25   Next: 42%
Magic:  0/32       EV: 28    Int:  7    God:    Makhleb [*****.]
Gold:   690        SH: 22    Dex: 18    Spells: 24/24 levels left

rFire    + + .     SeeInvis +   a - +5 broad axe (chop)
rCold    + + +     Gourm    .   m - +5 shield {AC+3}
rNeg     . . .     Faith    .   P - +6 plate armour of Sumpou {-Cast +Fly rPois rC+}
rPois    +         Spirit   +   p - +1 hat {SInv}
rElec    .         Reflect  .   h - scarf {rC+ rF+}
rCorr    .         Harm     .   Z - +2 pair of gloves
MR       +....     Rnd*Rage +   n - +0 pair of boots of Masochism {Slay+5} Stlth ..........Rnd*Tele +
                                H - amulet "Cohuemm" {Spirit rC++ Str+2 Int+2}
HPRegen  0.42/turn NoCast   +   B - ring of Phasing {EV+8}
MPRegen  0.23/turn              L - ring of protection from fire

@: about to teleport
A: retaliatory headbutt, horns 2, repulsion field 1, berserk 1, deterioration 1,
frail 2, low mp 1, teleportitis 1, subdued magic 3, MP-powered wands
}: 3/15 runes: decaying, serpentine, silver
a: Minor Destruction, Lesser Servant of Makhleb, Major Destruction, Greater
Servant of Makhleb, Renounce Religion, Evoke Flight


You were on level 5 of the Realm of Zot.
You worshipped Makhleb.
Makhleb was extremely pleased with you.
You were very hungry.

You visited 11 branches of the dungeon, and saw 51 of its levels.
You visited the Abyss 1 time.
You also visited: Sewer and Ice Cave.

You collected 6546 gold pieces.
You spent 5856 gold pieces at shops.

Inventory:

Hand Weapons
 a - a +5 broad axe of chopping (weapon)
 b - a +2 hand crossbow of freezing
 c - a +0 flail of protection
Missiles
 e - 30 javelins
 o - 1596 bolts
 v - an exploding tomahawk (quivered)
 w - 56 tomahawks
Armour
 h - a scarf of resistance (worn)
 m - a +5 shield of protection (worn)
 n - the +0 pair of boots of Masochism (worn) {Slay+5}
   (You acquired it on level 3 of the Lair of Beasts)

   It affects your accuracy and damage with ranged weapons and melee attacks
   (+5).
 p - a +1 hat of see invisible (worn)
 P - the +6 plate armour of Sumpou (worn) {-Cast +Fly rPois rC+}
   (You bought it in a shop on level 2 of the Orcish Mines)

   It protects you from cold.
   It protects you from poison.
   It lets you fly.
   It prevents spellcasting.
 Z - a +2 pair of gloves (worn)
Jewellery
 B - the ring of Phasing (left hand) {EV+8}
   (You found it on level 7 of the Dungeon)

   [ring of evasion]

   It affects your evasion (+8).
 C - a +4 ring of protection
 H - the amulet "Cohuemm" (around neck) {Spirit rC++ Str+2 Int+2}
   (You took it off a deep elf blademaster on level 3 of the Elven Halls)

   [amulet of guardian spirit]

   It causes incoming damage to be split between your health and magic.
   It affects your strength (+2).
   It affects your intelligence (+2).
   It greatly protects you from cold.
 J - an uncursed ring of ice
 L - a ring of protection from fire (right hand)
 M - a +5 ring of dexterity
 Q - an uncursed ring of fire
 U - an uncursed ring of protection from cold
 V - the ring "Roxiod" {rCorr rPois Stlth+}
   (You bought it in a shop on level 2 of the Orcish Mines)

   [ring of resist corrosion]

   It protects you from poison.
   It makes you more stealthy.
 W - an uncursed ring of protection from cold
Wands
 d - a wand of flame (47)
 l - a wand of acid (33)
 t - a wand of polymorph (67)
 A - a wand of disintegration (34)
 E - a wand of iceblast (41)
Scrolls
 j - 26 scrolls of remove curse
 u - 24 scrolls of teleportation
 x - 2 scrolls of summoning
 y - 2 scrolls of magic mapping
 F - 2 scrolls of blinking
 R - 16 scrolls of identify
 X - a scroll of fear
 Y - 3 scrolls of brand weapon
Potions
 g - 6 potions of magic
 i - 8 potions of flight
 q - a potion of haste
 r - 9 potions of curing
 z - 3 potions of cancellation
 D - 2 potions of agility
 G - 5 potions of ambrosia
 I - 11 potions of lignification
 O - 4 potions of might
 T - 2 potions of berserk rage
Books
 K - a book of Death

   Spells                             Type                      Level
   a - Corpse Rot                     Necromancy                   2
   b - Sublimation of Blood           Necromancy                   2
   c - Agony                          Necromancy                   5
   d - Dispel Undead                  Necromancy                   5
   e - Excruciating Wounds            Charms/Necromancy            5
   f - Bolt of Draining               Conjuration/Necromancy       5
 S - Mannuos's Catalogue of Necromancy
   (You found it on level 3 of the Depths)

   Spells                             Type                      Level
   a - Animate Skeleton               Necromancy                   1
   b - Pain                           Necromancy                   1
   c - Vampiric Draining              Necromancy                   3
   d - Agony                          Necromancy                   5
   e - Borgnjor's Vile Clutch         Necromancy/Earth             5
Miscellaneous
 k - a phial of floods
 N - 4 phantom mirrors
Comestibles
 f - 31 rations


   Skills:
 - Level 24.1 Fighting
 + Level 25.7 Axes
 - Level 8.2 Crossbows
 - Level 14.0 Armour
 - Level 15.2 Dodging
 - Level 20.2 Shields
 - Level 20.1 Invocations
 - Level 7.3 Evocations


You had 24 spell levels left.
You didn't know any spells.

Dungeon Overview and Level Annotations

Branches:
Dungeon (15/15)            Temple (1/1) D:5            Lair (6/6) D:9
  Swamp (4/4) Lair:2        Snake (4/4) Lair:4        Slime (0/5) Lair:5
    Orc (2/2) D:10            Elf (3/3) Orc:2        Vaults (5/5) D:13
  Crypt (0/3) Vaults:3     Depths (5/5) D:15           Hell (1/1)
    Zot (5/5) Depths:5
    Dis: Hell:1         Geh: Hell:1         Coc: Hell:1         Tar: Hell:1

Altars:
Ashenzari
Cheibriados
Dithmenos
Elyvilon
Fedhas
Gozag
Hepliaklqana
Kikubaaqudgha
Makhleb
Nemelex Xobeh
Okawaru
Qazlal
Ru
Sif Muna
Trog
Uskayaw
Vehumet
Wu Jian
Xom
Yredelemnul
Zin
The Shining One
Jiyva

Shops:
D:7 [   D:10 (   Orc:2 [*(=%   Elf:3 *   Snake:1 (   Vaults:2 [*   Vaults:3 [
Depths:3 !

Portals:
Hell: Depths:1 Depths:2 Depths:3 Depths:4 Depths:5
Abyss: Depths:1 Depths:4
Pandemonium: Depths:3
Ziggurat: Depths:5
Trove: Elf:3 (give +4 storm dragon scales)

Annotations:
Lair:3 exclusion: 3 oklob plants
Hell Geryon


Innate Abilities, Weirdness & Mutations

You reflexively headbutt those who attack you in melee.
You have a pair of horns on your head.
You are surrounded by a mild repulsion field. (EV +2)
You tend to lose your temper in combat.
Your body sometimes deteriorates upon taking damage.
You are very frail. (-20% HP)
Your magical capacity is low. (-10% MP)
You are occasionally teleported next to monsters.
Your spells are much easier to cast, but much less powerful.
You expend magic power (3 MP) to strengthen your wands.


Message History

Unknown command.
Okay, then.
You feel much better.
You hear a grinding noise.
You block the storm dragon's attack. x2
The storm dragon tramples you but does no damage.
The ancient lich points at you and mumbles some strange words.
The lance of force hits you!
* * * LOW HITPOINT WARNING * * *
You are knocked back by the lance of force.
You slam into the stone wall!
* * * LOW HITPOINT WARNING * * *
Unknown command.
Unknown command.
As you read the scroll of teleportation, it crumbles to dust.
You feel strangely unstable.
You feel the Orb delaying your translocation!
The storm dragon breathes lightning at you.
The bolt of lightning hits you!
You die...

....#####.......###....##
##..... ..### ###....##
##)..# #....# ...###
#...## ###.#.### ##...#
.....# #...# #....#..#
#...# ######
▓▓▓########.########▓▓▓
#.......^.......#
##.............## #
#.....D.......# ##
##@...L......## #.
#...........# #.
##...........## #.
#.............# #.
#.............## #.
#...............###.
#...###########...###
...# ##....# .## ###...


You could see an ancient lich and a storm dragon.

Vanquished Creatures
  4 orbs of fire
  An ancient lich (Zot:5)
  Mennas (Vaults:3)
  Margery (Depths:1)
  A Killer Klown (Zot:5)
  2 curse toes
  Nikola (Elf:3)
  6 golden dragons
  Jory (Depths:5)
  9 liches
  Jorgrun (Elf:2)
  3 electric golems
  7 tentacled monstrosities
  A titan (Depths:5)
  12 Orb Guardians (Zot:5)
  2 deep elf blademasters (Elf:3)
  2 quicksilver dragons
  2 deep elf master archers (Elf:3)
  An acid blob (Depths:4)
  6 sphinxes
  4 death cobs
  2 thorn hunters
  5 shadow dragons
  8 tengu reavers
  8 nagarajas
  Donald (Vaults:3)
  15 storm dragons
  3 draconian monks
  7 fire giants
  A frost giant (Vaults:3)
  An iron dragon (Depths:2)
  3 draconian knights (Zot:3)
  3 daevas (Depths:3)
  3 deep elf sorcerers
  A deep elf elementalist (Elf:3)
  An orc warlord (Orc:2)
  10 vault wardens
  2 draconian scorchers (Zot:3)
  A reaper (Depths:3)
  2 draconian stormcallers
  6 draconian shifters
  Aizul (Snake:1)
  3 draconian annihilators
  4 angels (Depths:3)
  9 very ugly things
  6 stone giants
  A spriggan defender (Depths:2)
  A vampire knight (Depths:2)
  3 war gargoyles
  11 ironheart preservers
  An entropy weaver (Vaults:4)
  A deep elf demonologist (Elf:3)
  3 green draconians
  4 deep elf annihilators
  11 black draconians
  9 yellow draconians
  11 white draconians
  A spark wasp (Depths:2)
  2 pale draconians (Depths:5)
  6 red draconians
  4 purple draconians
  13 ettins
  6 deep elf death magi
  2 blizzard demons (IceCv)
  12 fire dragons
  5 deep elf high priests
  8 great orbs of eyes
  11 yaktaur captains
  13 ogre magi
  A rakshasa (Depths:3)
  30 vault guards
  26 naga warriors
  A merfolk avatar (Lair:6)
  18 hydras
  12 centaur warriors
  An anaconda (shapeshifter) (Depths:2)
  5 alligators
  41 two-headed ogres
  4 ice dragons
  A death yak (Lair:5)
  5 anacondas
  29 dancing weapons
  4 shock serpents
  7 deep troll shamans
  4 spriggan berserkers (Depths:4)
  10 deep troll earth magi
  7 tengu warriors
  Urug (Orc:1)
  A vampire mage (Depths:1)
  5 orc high priests
  18 naga sharpshooters
  18 deep elf knights
  4 large abominations (Vaults:5)
  A soul eater (Depths:3)
  A salamander mystic (Depths:1)
  2 shadow wraiths
  A titan skeleton (Depths:1)
  4 skeletal warriors (Vaults:2)
  14 sea snakes
  10 hell knights
  A storm dragon skeleton (Vaults:2)
  3 iron trolls
  An infernal demonspawn (Depths:3)
  An orange crystal statue (Depths:4)
  8 swamp dragons
  21 deep elf archers
  The ghost of mrfool the Grappler, a novice TrBe of Trog (D:5)
  2 shambling mangroves
  6 cherubim (Depths:3)
  8 naga ritualists
  A gelid demonspawn (Depths:3)
  15 ironbrand convokers
  4 wizards
  7 necromancers
  3 spriggan druids
  A wolf spider zombie (D:12)
  20 deep trolls
  2 lindwurms (Swamp:4)
  62 deep elf magi
  4 harpies
  A phantasmal warrior (Vaults:5)
  8 mana vipers
  A wolf spider (shapeshifter) (Depths:5)
  17 orc knights
  A stone giant zombie (Vaults:2)
  2 oklob plants
  2 wolf spiders (Vaults:3)
  A mana viper (shapeshifter) (Elf:3)
  52 ugly things
  6 cyclopes
  An elephant (shapeshifter) (Vaults:4)
  3 manticores
  6 orc sorcerers
  12 salamanders
  A faun (shapeshifter) (Vaults:1)
  A frost giant zombie (Depths:1)
  10 guardian serpents
  12 vault sentinels
  11 elephants
  15 moths of wrath
  23 black mambas
  3 ice statues (IceCv)
  A rust devil (Depths:3)
  4 molten gargoyles (D:9)
  2 gargoyles
  A torpor snail (Lair:3)
  23 spiny frogs
  16 naga magi
  A spiny frog (shapeshifter) (Vaults:3)
  A rime drake (Lair:6)
  A rime drake (shapeshifter) (D:14)
  15 komodo dragons
  38 yaktaurs
  An efreet (D:15)
  11 ice devils (IceCv)
  3 freezing wraiths
  An anaconda simulacrum (IceCv)
  2 tengu conjurers
  2 queen bees (shapeshifter)
  A troll (shapeshifter) (Vaults:1)
  A jumping spider (shapeshifter) (Vaults:2)
  A yaktaur skeleton (Depths:1)
  A hornet (shapeshifter) (Depths:3)
  11 hornets
  6 tyrant leeches
  4 polar bears
  4 bog bodies
  7 trolls
  2 saltlings (Vaults:2)
  16 blink frogs
  15 slime creatures
  2 human simulacra
  11 hippogriffs
  A centaur simulacrum (D:15)
  2 deep troll zombies (Depths:1)
  A deep troll skeleton (Depths:1)
  2 wyverns
  4 water elementals
  2 spriggans
  A shadow (D:12)
  3 redbacks (Vaults:4)
  3 fire bats (Lair:6)
  2 tarantellas (shapeshifter)
  2 wraiths
  Sigmund (D:2)
  3 fire elementals
  A spriggan skeleton (Depths:1)
  A dire elephant simulacrum (IceCv)
  3 basilisks
  A human (D:7)
  A vampire (D:15)
  3 hogs (D:7)
  35 yaks
  5 air elementals
  3 steam dragons (Depths:5)
  A chaos spawn (Depths:3)
  2 hungry ghosts
  11 vampire mosquitoes
  2 wargs (Orc:2)
  2 harpy simulacra (IceCv)
  A neqoxec (Abyss:2)
  56 nagas
  30 swamp worms
  14 water moccasins
  3 iron troll simulacra (IceCv)
  3 acid dragons (Depths:5)
  7 porcupines
  2 hydra simulacra (IceCv)
  2 hell hounds (D:9)
  Duvessa (D:7)
  10 swamp drakes
  45 orc warriors
  A hornet zombie (D:14)
  4 sky beasts
  An ettin simulacrum (IceCv)
  5 ice beasts
  2 black bears
  2 eyes of draining
  A human zombie (Vaults:2)
  A spriggan simulacrum (Depths:1)
  8 boggarts
  3 phantoms
  18 centaurs
  29 ogres
  3 wolves (Lair:4)
  15 crocodiles
  5 big kobolds
  13 bullfrogs
  Dowan (D:7)
  3 scorpions
  19 killer bees
  A killer bee (shapeshifter) (Vaults:3)
  6 electric eels
  2 vampire bats (D:15)
  3 wights (D:13)
  4 howler monkeys (D:9)
  2 centaur zombies
  5 crimson imps
  2 bullfrog zombies
  A lava snake (D:9)
  6 hounds
  2 iron imps
  4 jellies
  2 quasits
  21 orc priests
  3 centaur skeletons
  Jessica (D:2)
  3 bullfrog skeletons
  Terence (D:2)
  3 iguanas
  36 orc wizards
  2 polar bear simulacra (Lair:2)
  9 worker ants
  4 yak simulacra (Lair:2)
  2 wolf simulacra (Lair:2)
  2 hound zombies
  A howler monkey zombie (D:8)
  8 gnolls (D:6)
  A howler monkey skeleton (D:9)
  18 adders
  A river rat (Sewer)
  5 shadow imps
  2 white imps (Depths:3)
  An ufetubus (Depths:3)
  An ooze (D:3)
  An adder skeleton (D:9)
  16 worms
  4 dart slugs
  2 leopard geckos
  111 orcs
  17 bats
  5 giant cockroaches
  10 hobgoblins
  13 jackals
  30 kobolds
  6 quokkas
  4 ball pythons
  6 frilled lizards
  4 goblins
  A jackal skeleton (D:4)
  A leopard gecko skeleton (D:5)
  A leopard gecko zombie (D:5)
  A quokka skeleton (D:4)
  6 rats
  3 river rat simulacra (Lair:2)
  3 fungi
  10 plants
1990 creatures vanquished.

Vanquished Creatures (collateral kills)
  A golden dragon (Depths:2)
  An electric golem (Zot:5)
  Rupert (Lair:5)
  10 Orb Guardians (Zot:5)
  3 nagarajas
  A draconian scorcher (Zot:3)
  A frost giant (Depths:2)
  A draconian annihilator (Zot:3)
  A war gargoyle (Vaults:5)
  A green draconian (Zot:3)
  2 deep elf annihilators (Elf:3)
  A purple draconian (Zot:3)
  A hydra (Swamp:4)
  A vault guard (Vaults:5)
  A naga warrior (Snake:4)
  A two-headed ogre (Depths:2)
  An ogre mage (Depths:2)
  5 naga sharpshooters
  A hell knight (Depths:2)
  2 naga ritualists (Snake:4)
  A spriggan druid (Swamp:4)
  A shambling mangrove (Swamp:4)
  2 swamp dragons (Swamp:4)
  A phantasmal warrior (Vaults:5)
  A salamander (Snake:2)
  A black mamba (Snake:4)
  A guardian serpent (Snake:4)
  2 naga magi
  A bog body (Swamp:4)
  6 nagas
  2 swamp drakes (Swamp:4)
  A jelly (D:8)
57 creatures vanquished.

Vanquished Creatures (others)
  A draconian knight (Zot:2)
  A draconian shifter (Zot:2)
  A deep elf knight (Elf:1)
  A lindwurm (Swamp:4)
  2 moths of wrath (Zot:5)
  2 deep elf magi (Elf:3)
  A spriggan (Swamp:4)
  A boggart (Depths:1)
  An orc wizard (Orc:1)
  8 fungi
  26 plants
45 creatures vanquished.

Grand Total: 2092 creatures vanquished

Notes
Turn   | Place    | Note
-------+----------+-------------------------------------------
     0 | D:1      | poirepourri the Minotaur Fighter began the quest for the Orb.
     0 | D:1      | Reached XP level 1. HP: 19/19 MP: 0/0
   101 | D:1      | Reached skill level 3 in Axes
   186 | D:1      | Reached XP level 2. HP: 21/26 MP: 1/1
   711 | D:1      | Reached skill level 4 in Axes
   884 | D:2      | Noticed Terence
   892 | D:2      | Reached XP level 3. HP: 25/31 MP: 2/2
   893 | D:2      | Killed Terence
   893 | D:2      | Reached skill level 5 in Axes
  1272 | D:2      | Reached XP level 4. HP: 39/39 MP: 3/3
  1554 | D:2      | Noticed Sigmund
  1580 | D:2      | Killed Sigmund
  1580 | D:2      | Reached skill level 7 in Axes
  1580 | D:2      | Reached XP level 5. HP: 16/45 MP: 4/4
  1766 | D:2      | Noticed Jessica
  1768 | D:2      | Killed Jessica
  1768 | D:2      | Reached XP level 6. HP: 51/51 MP: 5/5
  2152 | D:2      | Reached skill level 8 in Axes
  3311 | D:4      | Reached skill level 5 in Fighting
  3383 | D:4      | Reached XP level 7. HP: 44/61 MP: 6/6
  3732 | D:5      | Entered Level 5 of the Dungeon
  3732 | D:5      | Noticed mrfool's ghost (novice TrBe)
  3748 | D:5      | Killed mrfool's ghost
  3748 | D:5      | Reached XP level 8. HP: 55/75 MP: 7/7
  4319 | D:5      | Reached skill level 1 in Dodging
  4476 | D:5      | Found a staircase to the Ecumenical Temple.
  4494 | Temple   | Entered the Ecumenical Temple
  5095 | D:5      | Found a sacrificial altar of Ru.
  5096 | D:5      | Found a basalt altar of Yredelemnul.
  5349 | D:6      | Found a deep blue altar of Sif Muna.
  5493 | D:6      | Reached skill level 5 in Dodging
  5729 | D:6      | Found a glowing drain.
  5754 | Sewer    | Entered a sewer
  5884 | Sewer    | Found a white marble altar of Elyvilon.
  6183 | D:7      | Reached skill level 5 in Shields
  6200 | D:7      | Found a shimmering altar of Xom.
  6221 | D:7      | Found an ancient bone altar of Kikubaaqudgha.
  6242 | D:7      | Reached XP level 9. HP: 75/83 MP: 8/8
  6248 | D:7      | Reached skill level 9 in Axes
  6252 | D:7      | Reached skill level 10 in Axes
  6284 | D:7      | Found a sparkling altar of Nemelex Xobeh.
  6284 | D:7      | Found a hazy altar of Hepliaklqana.
  6285 | D:7      | Found a shadowy altar of Dithmenos.
  6673 | D:7      | Reached skill level 11 in Axes
  6703 | D:7      | Found a snail-covered altar of Cheibriados.
  6726 | D:7      | Found Pemeselo's Armour Emporium.
  6734 | D:7      | Bought a +0 pair of gloves for 63 gold pieces
  6845 | D:7      | Found the ring of Phasing {EV+8}
  6851 | D:7      | Noticed Duvessa
  6853 | D:7      | Noticed Dowan
  6857 | D:7      | Killed Duvessa
  6865 | D:7      | Killed Dowan
  7278 | D:8      | Found an iron altar of Okawaru.
  7408 | D:8      | Reached skill level 12 in Axes
  7604 | D:8      | Found a burning altar of Makhleb.
  7725 | D:8      | Became a worshipper of Makhleb the Destroyer
  7825 | D:8      | Reached XP level 10. HP: 86/91 MP: 9/9
  7865 | D:8      | Reached skill level 13 in Axes
  8147 | D:8      | Noticed a two-headed ogre
  8152 | D:8      | Killed a two-headed ogre
  8648 | D:9      | Found a shattered altar of Ashenzari.
  8662 | D:9      | Reached skill level 14 in Axes
  8766 | D:9      | Found a staircase to the Lair.
  8781 | D:9      | Reached * piety under Makhleb
  9130 | D:9      | HP: 4/91 [poisoned by a killer bee]
  9137 | D:9      | HP: 4/91 [poisoned by a killer bee]
  9145 | D:9      | HP: 4/91 [poisoned by a killer bee]
  9425 | D:9      | Reached skill level 15 in Axes
  9565 | D:9      | Noticed a molten gargoyle
  9577 | D:9      | Noticed a molten gargoyle
  9579 | D:9      | Noticed a molten gargoyle
  9588 | D:9      | Killed a molten gargoyle
  9591 | D:9      | Killed a molten gargoyle
  9600 | D:9      | Noticed a molten gargoyle
  9824 | D:9      | Killed a molten gargoyle
  9833 | D:9      | Killed a molten gargoyle
 10131 | D:9      | Found a white marble altar of Elyvilon.
 10139 | D:9      | Reached skill level 16 in Axes
 10139 | D:9      | Reached XP level 11. HP: 68/97 MP: 10/10
 10385 | D:9      | Reached ** piety under Makhleb
 10607 | D:10     | Entered Level 10 of the Dungeon
 10607 | D:10     | Noticed a tengu warrior
 10627 | D:10     | Noticed a two-headed ogre
 10628 | D:10     | Killed a tengu warrior
 10815 | D:10     | Killed a two-headed ogre
 11043 | D:10     | Noticed a two-headed ogre
 11045 | D:10     | Noticed a two-headed ogre
 11053 | D:10     | Killed a two-headed ogre
 11060 | D:10     | Killed a two-headed ogre
 11060 | D:10     | Reached skill level 10 in Fighting
 11424 | Lair:1   | Entered Level 1 of the Lair of Beasts
 12882 | Lair:2   | Reached XP level 12. HP: 90/112 MP: 11/11
 13255 | Lair:2   | Reached skill level 10 in Shields
 13282 | Lair:2   | Found a staircase to the Swamp.
 13680 | Lair:3   | Reached *** piety under Makhleb
 14080 | Lair:3   | Identified a scroll of acquirement
 14083 | Lair:3   | Got a pair of ancient boots
 14089 | Lair:3   | Identified the +0 pair of boots of Masochism {Slay+5} (You acquired it on level 3 of the Lair of Beasts)
 14374 | Lair:3   | Got a pitted flail
 15319 | Lair:4   | Found a staircase to the Snake Pit.
 15794 | Lair:4   | Noticed a six-headed hydra
 15802 | Lair:4   | Killed a six-headed hydra
 16224 | Lair:5   | Noticed Rupert
 16230 | Lair:5   | Paralysed by Rupert for 4 turns
 16238 | Lair:5   | Paralysed by Rupert for 5 turns
 16242 | Lair:5   | Killed Rupert
 16242 | Lair:5   | Reached XP level 13. HP: 72/118 MP: 12/12
 16500 | Lair:5   | Found a viscous altar of Jiyva.
 16503 | Lair:5   | Found a staircase to the Slime Pits.
 16719 | Lair:5   | Reached skill level 15 in Shields
 17053 | Lair:6   | Entered Level 6 of the Lair of Beasts
 17063 | Lair:6   | Reached **** piety under Makhleb
 17114 | Lair:6   | Reached skill level 5 in Armour
 18368 | Lair:6   | Reached ***** piety under Makhleb
 18877 | D:10     | Found a staircase to the Orcish Mines.
 18891 | D:10     | Reached skill level 10 in Dodging
 18893 | D:10     | Reached XP level 14. HP: 99/126 MP: 13/13
 18909 | D:10     | Reached skill level 1 in Evocations
 18930 | D:10     | Found Tiwno's Weapon Boutique.
 19749 | D:11     | Identified the +2 flail "Mounto" {vamp, Int+3} (You found it on level 3 of the Lair of Beasts)
 20530 | D:12     | Reached skill level 5 in Evocations
 20789 | D:13     | Reached ****** piety under Makhleb
 20873 | D:13     | Found a gate to the Vaults.
 21523 | D:14     | Reached skill level 1 in Invocations
 21560 | D:14     | Found a white marble altar of Elyvilon.
 21823 | D:14     | Reached skill level 5 in Invocations
 22077 | D:15     | Entered Level 15 of the Dungeon
 22151 | D:15     | Found a bloodstained altar of Trog.
 22304 | D:15     | Found a staircase to the Depths.
 22304 | D:15     | Noticed a fire giant
 22320 | D:15     | Killed a fire giant
 22905 | D:15     | Reached XP level 15. HP: 132/132 MP: 20/20
 23033 | Orc:1    | Entered Level 1 of the Orcish Mines
 23182 | Orc:1    | Noticed Urug
 23202 | Orc:1    | Killed Urug
 23412 | Orc:2    | Entered Level 2 of the Orcish Mines
 23474 | Orc:2    | Found a staircase to the Elven Halls.
 23585 | Orc:2    | Noticed an orc warlord
 23685 | Orc:2    | Gained mutation: Your spells are a little easier to cast, but a little less powerful. [a neqoxec]
 23686 | Orc:2    | Gained mutation: You tend to lose your temper in combat. [a neqoxec]
 23704 | Orc:2    | Gained mutation: You are surrounded by a mild repulsion field. (EV +2) [a neqoxec]
 23963 | Orc:2    | Killed an orc warlord
 23981 | Orc:2    | Reached skill level 10 in Invocations
 24079 | Orc:2    | Found Byquv's Food Boutique.
 24410 | Orc:2    | Found Zuikh's General Store.
 24410 | Orc:2    | Found Fohoteso's Jewellery Shoppe.
 24412 | Orc:2    | Found Xisukhi's Antique Armour Emporium.
 24412 | Orc:2    | Found Gyadi's Antique Weapon Emporium.
 24417 | Orc:2    | Bought a pitted plate armour for 812 gold pieces
 24417 | Orc:2    | Bought a runed scale mail for 203 gold pieces
 24427 | Orc:2    | Bought a scroll of identify for 32 gold pieces
 24427 | Orc:2    | Bought a scroll of summoning for 152 gold pieces
 24428 | Orc:2    | Bought an uncursed ring of poison resistance for 360 gold pieces
 24428 | Orc:2    | Bought the ring "Roxiod" {rCorr rPois Stlth+} for 612 gold pieces
 24805 | Orc:2    | Identified the +6 plate armour of Sumpou {-Cast +Fly rPois rC+} (You bought it in a shop on level 2 of the Orcish Mines)
 24956 | Swamp:1  | Entered Level 1 of the Swamp
 25380 | Swamp:1  | Found a frozen archway.
 25572 | IceCv    | Entered an ice cave
 27300 | Swamp:3  | Reached XP level 16. HP: 139/139 MP: 25/25
 27748 | Swamp:4  | Entered Level 4 of the Swamp
 27809 | Swamp:4  | Reached skill level 17 in Axes
 28837 | Swamp:4  | Got a decaying rune of Zot
 28912 | Swamp:4  | Noticed a thorn hunter
 28928 | Swamp:4  | Killed a thorn hunter
 29553 | Snake:1  | Entered Level 1 of the Snake Pit
 29677 | Snake:1  | Noticed Aizul
 29690 | Snake:1  | Killed Aizul
 30112 | Snake:1  | Found an iron altar of Okawaru.
 30450 | Snake:1  | Found Aruzid's Weapon Shoppe.
 32138 | Snake:3  | Reached skill level 18 in Axes
 32196 | Snake:3  | Reached XP level 17. HP: 152/152 MP: 26/26
 32732 | Snake:4  | Entered Level 4 of the Snake Pit
 32777 | Snake:4  | Reached skill level 19 in Axes
 32990 | Snake:4  | Reached skill level 20 in Axes
 33116 | Snake:4  | Reached skill level 15 in Fighting
 33943 | Snake:4  | Reached XP level 18. HP: 149/168 MP: 27/27
 34282 | Snake:4  | Got a serpentine rune of Zot
 34799 | Elf:1    | Entered Level 1 of the Elven Halls
 35867 | Elf:2    | Found Dekytsuacs's Food Shop.
 35951 | Elf:2    | Bought a ration for 70 gold pieces
 35951 | Elf:2    | Bought a ration for 70 gold pieces
 35951 | Elf:2    | Bought a ration for 70 gold pieces
 35951 | Elf:2    | Bought a ration for 70 gold pieces
 35951 | Elf:2    | Bought a ration for 70 gold pieces
 35951 | Elf:2    | Bought a ration for 70 gold pieces
 35951 | Elf:2    | Bought a ration for 70 gold pieces
 35951 | Elf:2    | Bought a ration for 70 gold pieces
 35951 | Elf:2    | Bought a ration for 70 gold pieces
 35951 | Elf:2    | Bought a ration for 70 gold pieces
 35951 | Elf:2    | Bought a ration for 70 gold pieces
 36212 | Elf:2    | Found a runed gate.
 36226 | Elf:2    | Found a runed gate.
 36227 | Elf:2    | Found a runed gate.
 36286 | Elf:2    | Found an ancient bone altar of Kikubaaqudgha.
 36542 | Elf:2    | Noticed Jorgrun
 36555 | Elf:2    | Killed Jorgrun
 36941 | Elf:3    | Entered Level 3 of the Elven Halls
 36946 | Elf:3    | Reached XP level 19. HP: 176/179 MP: 22/28
 37275 | Elf:3    | Found Neulie's General Store.
 37433 | Elf:3    | Found a portal to a secret trove of treasure.
 37433 | Elf:3    | Noticed Nikola
 37440 | Elf:3    | Killed Nikola
 37554 | Elf:3    | Noticed a Brimstone Fiend
 37554 | Elf:3    | Noticed a Brimstone Fiend
 38082 | Elf:3    | Found the +9 staff of Wucad Mu {channel}
 38089 | Elf:3    | Found the +8 longbow "Zephyr" {speed, Dex+3 SInv}
 38764 | Vaults:1 | Entered Level 1 of the Vaults
 39651 | Vaults:1 | Cast into level 2 of the Abyss (a wizard)
 39651 | Abyss:2  | Found a corrupted altar of Lugonu.
 39673 | Abyss:2  | Gained mutation: Your spells are easier to cast, but less powerful. [a neqoxec]
 39674 | Abyss:2  | Gained mutation: You are frail. (-10% HP) [a neqoxec]
 39691 | Vaults:1 | Escaped the Abyss
 40376 | Vaults:2 | Reached skill level 15 in Dodging
 40497 | Vaults:2 | Reached XP level 20. HP: 168/168 MP: 29/29
 40581 | Vaults:2 | Reached skill level 10 in Armour
 40682 | Vaults:2 | Found Nefia's Antique Armour Boutique.
 41081 | Vaults:2 | Found Emebif's General Store.
 41117 | Vaults:2 | Bought a potion of curing for 39 gold pieces
 41117 | Vaults:2 | Bought a scroll of blinking for 97 gold pieces
 41961 | Vaults:3 | Found a staircase to the Crypt.
 41961 | Vaults:3 | Found a basalt altar of Yredelemnul.
 41962 | Vaults:3 | Found an ancient bone altar of Kikubaaqudgha.
 42308 | Vaults:3 | Reached skill level 1 in Crossbows
 42455 | Vaults:3 | Noticed Donald
 42470 | Vaults:3 | Killed Donald
 42510 | Vaults:3 | Noticed Mennas
 42555 | Vaults:3 | Killed Mennas
 42555 | Vaults:3 | Reached skill level 5 in Crossbows
 43124 | Vaults:3 | Found Othryrche's Armour Emporium.
 43477 | Vaults:4 | Reached XP level 21. HP: 175/175 MP: 30/30
 44777 | Vaults:5 | Entered Level 5 of the Vaults
 45452 | Vaults:5 | Got a silver rune of Zot
 45480 | Vaults:5 | Reached XP level 22. HP: 195/195 MP: 31/31
 45580 | Vaults:5 | Noticed a golden dragon
 46193 | Depths:1 | Entered Level 1 of the Depths
 46211 | Depths:1 | Noticed Margery
 46232 | Depths:1 | Killed Margery
 46236 | Depths:1 | Found a gateway to Hell.
 46743 | D:15     | Got pitted quicksilver dragon scales
 46744 | D:15     | Identified the quicksilver dragon scales of Incorporation {rPois MR+ rCorr Int+3 Stlth+} (You acquired it on level 15 of the Dungeon)
 46880 | Depths:1 | Found a one-way gate to the infinite horrors of the Abyss.
 48294 | Depths:2 | Paralysed by a vampire knight for 4 turns
 48413 | Depths:2 | Reached skill level 21 in Axes
 48460 | Depths:2 | Noticed a golden dragon
 48474 | Depths:2 | Killed a golden dragon
 48728 | Depths:3 | Paralysed by a lich for 4 turns
 48859 | Depths:3 | Found Vaodoqit's Distillery.
 48867 | Depths:3 | Bought a potion of heal wounds for 90 gold pieces
 48867 | Depths:3 | Bought a potion of heal wounds for 90 gold pieces
 48867 | Depths:3 | Bought a potion of curing for 54 gold pieces
 48867 | Depths:3 | Bought a potion of curing for 54 gold pieces
 48867 | Depths:3 | Bought a potion of curing for 54 gold pieces
 48867 | Depths:3 | Bought a potion of curing for 54 gold pieces
 48867 | Depths:3 | Bought a potion of haste for 180 gold pieces
 48867 | Depths:3 | Bought 2 potions of agility for 144 gold pieces
 48867 | Depths:3 | Bought a potion of might for 72 gold pieces
 49060 | Depths:3 | Reached skill level 15 in Invocations
 49221 | Depths:3 | Found a one-way gate leading to the halls of Pandemonium.
 49229 | Depths:3 | Reached XP level 23. HP: 206/206 MP: 33/33
 49866 | Depths:3 | Found a glowing silver altar of Zin.
 50040 | Depths:3 | Identified Mannuos's Catalogue of Necromancy
 50063 | Depths:3 | Got a transparent lead ring
 50064 | Depths:3 | Identified the ring of Zilak {*Tele rC+ Int+2} (You found it on level 3 of the Depths)
 51023 | Depths:5 | Entered Level 5 of the Depths
 51380 | Vaults:2 | Bought a scroll of blinking for 97 gold pieces
 51380 | Vaults:2 | Bought a scroll of holy word for 97 gold pieces
 51380 | Vaults:2 | Bought a ration for 65 gold pieces
 51636 | Depths:5 | Found a gateway to a ziggurat.
 51772 | Depths:5 | Noticed Jory
 51799 | Depths:5 | Killed Jory
 52920 | Depths:5 | Found a gate to the Realm of Zot.
 53299 | Zot:1    | Entered Level 1 of the Realm of Zot
 54055 | Elf:3    | Got a smoking lead amulet
 54056 | Elf:3    | Identified the amulet "Cohuemm" {Spirit rC++ Str+2 Int+2} (You took it off a deep elf blademaster on level 3 of the Elven Halls)
 54404 | Vaults:2 | Bought a shimmering plate armour for 1260 gold pieces
 54404 | Vaults:2 | Bought a smoking scale mail for 405 gold pieces
 54514 | D:13     | Identified the +0 scale mail "Itemp" {Int+5} (You bought it in a shop on level 2 of the Vaults)
 54515 | D:13     | Identified the +5 plate armour "Unaxzecs" {Int+2} (You bought it in a shop on level 2 of the Vaults)
 54841 | Depths:5 | Paralysed by a sphinx for 7 turns
 54915 | Hell     | Entered the Vestibule of Hell
 54915 | Hell     | Noticed Geryon
 55684 | Zot:2    | Noticed a curse toe
 56230 | Zot:2    | Reached XP level 24. HP: 214/214 MP: 35/35
 57294 | Zot:2    | Noticed an orb of fire
 57303 | Zot:2    | Gained mutation: Your spells are much easier to cast, but much less powerful. [an orb of fire]
 57311 | Zot:2    | Killed an orb of fire
 57654 | Zot:3    | Reached skill level 22 in Axes
 58658 | Zot:3    | Reached skill level 23 in Axes
 59889 | Zot:5    | Entered Level 5 of the Realm of Zot
 59889 | Zot:5    | Noticed an orb of fire
 59911 | Zot:5    | Gained mutation: You expend magic power (3 MP) to strengthen your wands. [an orb of fire]
 59915 | Zot:5    | Killed an orb of fire
 60332 | Zot:5    | Reached skill level 24 in Axes
 60362 | Zot:5    | Reached XP level 25. HP: 174/220 MP: 31/36
 60373 | Zot:5    | Noticed an ancient lich
 60380 | Zot:5    | Killed an ancient lich
 60747 | Zot:5    | Noticed an orb of fire
 60757 | Zot:5    | Gained mutation: You are occasionally teleported next to monsters. [an orb of fire]
 60776 | Zot:5    | Killed an orb of fire
 60776 | Zot:5    | Reached skill level 25 in Axes
 60875 | Zot:5    | Noticed an orb of fire
 60886 | Zot:5    | Gained mutation: Your magical capacity is low. (-10% MP) [an orb of fire]
 60888 | Zot:5    | Noticed an orb of fire
 60894 | Zot:5    | Gained mutation: You are weak. (Str -2) [an orb of fire]
 60895 | Zot:5    | Gained mutation: You are very frail. (-20% HP) [an orb of fire]
 60896 | Zot:5    | Killed an orb of fire
 60900 | Zot:5    | Gained mutation: Your body sometimes deteriorates upon taking damage. [an orb of fire]
 60905 | Zot:5    | Lost mutation: You are weak. (Str -2) [an orb of fire]
 60963 | Zot:5    | Noticed an ancient lich
 60965 | Zot:5    | Killed from afar by a storm dragon

Skill      XL: |  1  2  3  4  5  6  7  8  9 10 11 12 13 14 15 16 17 18 19 20 21 22 23 24 25 |
---------------+----------------------------------------------------------------------------+-----
Axes           | 3 4 5 7 8 12 16 18 20 21 24 25 | 25.7
Fighting       | 5 8 9 12 14 16 18 22 24 | 24.1
Dodging        | 5 10 12 15 | 15.2
Shields        | 5 8 14 15 18 20 | 20.2
Armour         | 4 9 14 | 14.0
Evocations     | 7 |  7.3
Invocations    | 8 13 14 15 19 20 | 20.1
Crossbows      | 8 |  8.2

Action                   |  1- 3 |  4- 6 |  7- 9 | 10-12 | 13-15 | 16-18 | 19-21 | 22-24 | 25-27 || total
-------------------------+-------+-------+-------+-------+-------+-------+-------+-------+-------++-------
Melee: War axe           |    50 |   133 |   237 |   501 |  1089 |   308 |       |       |       ||  2318
       Headbutt          |     8 |    18 |    47 |   109 |   327 |   350 |   450 |   548 |    45 ||  1902
       Flail             |       |       |       |     6 |    61 |    49 |       |       |       ||   116
       Broad axe         |       |       |       |       |       |   769 |  1226 |  1375 |   125 ||  3495
 Fire: Hand crossbow     |       |       |       |       |       |       |       |    40 |       ||    40
Throw: Tomahawk          |       |       |       |       |       |    11 |     3 |       |       ||    14
Invok: Lesser Servant of |       |       |       |       |     2 |       |       |       |       ||     2
       Greater Servant o |       |       |       |       |       |     8 |     6 |    15 |     4 ||    33
Evoke: Wand              |       |       |       |       |     1 |    13 |     2 |     3 |       ||    19
       Sack of spiders   |       |       |       |       |       |     1 |       |       |       ||     1
  Use: Scroll            |     5 |     9 |     8 |    17 |    17 |    17 |    10 |    21 |     3 ||   107
       Potion            |     1 |     3 |     4 |     9 |     7 |     2 |     6 |    19 |    11 ||    62
 Stab: Invisible         |       |       |       |     2 |       |       |       |       |       ||     2
       Distracted        |       |       |       |       |       |     3 |     1 |     2 |     2 ||     8
       Confused          |       |       |       |       |       |       |       |     1 |       ||     1
  Eat: Ration            |     1 |     3 |     4 |     8 |    12 |     8 |     9 |    11 |       ||    56
       Chunk             |       |       |       |       |       |     1 |     3 |     4 |       ||     8
Armor: Scale mail        |    27 |    77 |    93 |   109 |   144 |       |       |       |       ||   450
       Plate armour      |       |       |       |       |    93 |   346 |   264 |   349 |    17 ||  1069
Dodge: Dodged            |    24 |    57 |    93 |   268 |   715 |   887 |   683 |  1008 |    57 ||  3792
Block: Shield            |    31 |    97 |   172 |   316 |  1124 |  1334 |  1349 |  1457 |    79 ||  5959
